 Dungeon Crawl Stone Soup version 0.25-b1-46-gb8a1ec05df (webtiles) character file.

Game seed: 14587907019479150496

4 Chiseanne the Sneak (level 1, -2/14 HPs)
             Began as a Demonspawn Wanderer on June 10, 2020.
             Slain by a goblin
             ... wielding a cursed -3 dagger
              (3 damage)
             ... on level 1 of the Dungeon.
             The game lasted 00:00:48 (337 turns).

Chiseanne the Sneak (Demonspawn Wanderer)            Turns: 337, Time: 00:00:49

Health: -2/14      AC:  2    Str:  9    XL:     1   Next: 50%
Magic:  2/2        EV: 11    Int: 14    God:
Gold:   0          SH:  0    Dex: 14    Spells: 1/2 levels left

rFire    . . .     SeeInvis .   a - +0 falchion
rCold    . . .     Gourm    .   (no shield)
rNeg     . . .     Faith    .   d - +0 robe
rPois    .         Spirit   .   (no helmet)
rElec    .         Reflect  .   (no cloak)
rCorr    .         Harm     .   (no gloves)
MR       .....                  (no boots)
Stlth    ++........             (no amulet)
HPRegen  0.04/turn              (no ring)
MPRegen  0.08/turn              (no ring)

@: no status effects
A: no striking features
a: no special abilities


You were on level 1 of the Dungeon.
You were not hungry.

You visited 1 branch of the dungeon, and saw 1 of its levels.

Inventory:

Hand Weapons
 a - a +0 falchion (weapon)
 e - a +0 dagger
Missiles
 g - 41 stones (quivered)
 h - 20 arrows
Armour
 d - a +0 robe (worn)
Jewellery
 l - a +4 ring of evasion {unknown}
Scrolls
 b - a scroll of enchant weapon {unknown}
 j - a scroll of enchant armour {unknown}
 k - 2 scrolls of identify {unknown}
Potions
 c - a potion of lignification
Comestibles
 f - a ration


   Skills:
 * Level 0.4 Fighting
 - Level 1.7 Long Blades
 * Level 0.3 Dodging
 - Level 3.6 Stealth
 * Level 1.1 Spellcasting
 - Level 2.0 Poison Magic
   Level 1.0 Evocations


You had one spell level left.
You knew the following spells:

 Your Spells              Type           Power        Failure   Level  Hunger
a - Sting                 Tmut/Pois      #...         17%         1    ##.....

Your spell library contained the following spells:

 Spells                   Type           Power        Failure   Level  Hunger
 Poisonous Vapours        Pois/Air       #.....       26%         2    ###....
 Ignite Poison            Fire/Tmut/Pois #.......     52%         3    ####...
 Mephitic Cloud           Conj/Pois/Air  #.......     52%         3    ####...
 Olgreb's Toxic Radiance  Pois           #.......     75%         4    #####..


Dungeon Overview and Level Annotations

Branches:
Dungeon (1/15)

Altars:


Message History

You hit the leopard gecko.
The leopard gecko is severely wounded.
The leopard gecko barely misses you.
You closely miss the leopard gecko.
The leopard gecko is severely wounded.
The leopard gecko misses you. The leopard gecko bites you.
* * * LOW HITPOINT WARNING * * *
You hit the leopard gecko.
The leopard gecko is almost dead.
The leopard gecko barely misses you.
You riposte.
You closely miss the leopard gecko.
The leopard gecko is almost dead.
You closely miss the leopard gecko.
The leopard gecko is almost dead.
The leopard gecko barely misses you.
You riposte.
You hit the leopard gecko.
You kill the leopard gecko!
You barely miss the goblin. The goblin hits you but does no damage.
You barely miss the goblin.
The goblin hits you with a cursed -3 dagger.
You die...

#...g..# #......#
#......####
#.........#
#(........#
#.........#
#.........#
####.....#
#>@gw$...+
#.##.....# #.
#.....#####
#..+..........
#.##..........
#.####...........
#................
#................
#................


You could see a dart slug and a goblin.

Vanquished Creatures
  A leopard gecko (D:1)
  A goblin (D:1)
  A rat (D:1)
3 creatures vanquished.

Notes
Turn   | Place    | Note
-------+----------+-------------------------------------------
     0 | D:1      | Chiseanne the Demonspawn Wanderer began the quest for the
                  | Orb.
     0 | D:1      | Chiseanne set off with the following items: a +0 falchion,
                  | a potion of lignification, a +0 robe, a +0 dagger, a
                  | ration; and the following spell memorised: Sting; and the
                  | following spells available to memorise: Poisonous Vapours,
                  | Ignite Poison, Mephitic Cloud, Olgreb's Toxic Radiance
     0 | D:1      | Reached XP level 1. HP: 13/13 MP: 2/2
   337 | D:1      | Slain by a goblin

Illustrated notes

Levels and vault maps discovered:
D:1:      dpeg_arrival_water_altar, layout_basic

Action                   || total
-------------------------++-------
Melee: Falchion          ||    14
 Stab: Sleeping          ||     1
Armor: Robe              ||     1
Dodge: Dodged            ||     9
       Rpst.: Falchion   ||     3
